 Dungeon Crawl Stone Soup version 0.19-a0-1986-g7ebc489 (webtiles) character file.

203 severenz the Ruffian (level 5, -2/45 HPs)
             Began as a Ghoul Fighter on Jan 5, 2017.
             Was an Initiate of Qazlal.
             Slain by an iguana (6 damage)
             ... on level 4 of the Dungeon.
             The game lasted 00:04:55 (2878 turns).

severenz the Ruffian (Ghoul Fighter)                Turns: 2878, Time: 00:04:55

Health: -2/45      AC:  6    Str: 21    XL:     5   Next: 81%
Magic:  4/4        EV:  7    Int:  3    God:    Qazlal [......]
Gold:   190        SH:  8    Dex:  8    Spells: 4/4 levels left

rFire  . . .     SeeInvis .       - Unarmed
rCold  + . .     Faith    .     a - +0 scale mail
rNeg   + + +     Spirit   .     b - +0 shield
rPois  ∞         Reflect  .     (no helmet)
rElec  .                        (no cloak)
rCorr  .                        (no gloves)
MR     .....                    (no boots)
Stlth  ..........               (no amulet)
                                (no ring)
                                (no ring)

@: no status effects
A: hp from kills, claws 1, cold resistance 1, negative energy resistance 3, slow
regeneration 2, torment resistance, unbreathing
a: Renounce Religion


You were on level 4 of the Dungeon.
You worshipped Qazlal.
Qazlal was noncommittal.
You were not hungry.

You visited 1 branch of the dungeon, and saw 4 of its levels.

You collected 190 gold pieces.

Inventory:

Hand Weapons
 f - a +2 short sword of protection
Missiles
 h - 725 stones (quivered)
Armour
 a - a +0 scale mail (worn)
 b - a +0 shield (worn)
Jewellery
 w - an uncursed ring of flight {unknown}
Scrolls
 d - a scroll of teleportation {unknown}
 i - a scroll of noise {unknown}
 l - 2 scrolls of amnesia {unknown}
 m - 2 scrolls of fear {unknown}
 n - 3 scrolls of remove curse {unknown}
 o - a scroll of fog {unknown}
 p - a scroll of random uselessness {unknown}
 t - a scroll of identify {unknown}
 x - a scroll of recharging {unknown}
Potions
 c - a potion of might
 e - 2 potions of magic {unknown}
 g - 2 potions of curing {unknown}
 j - 2 potions of agility {unknown}
 k - a potion of lignification {unknown}
 q - a potion of cure mutation {unknown}
 r - a potion of flight {unknown}
 s - a potion of heal wounds {unknown}
 u - a potion of mutation {unknown}
 v - a potion of haste {unknown}
 z - 2 potions of berserk rage {unknown}


   Skills:
 - Level 3.2 Fighting
 - Level 2.6 Armour
 - Level 2.6 Shields
 + Level 6.4 Unarmed Combat


You had 4 spell levels left.
You didn't know any spells.

Dungeon Overview and Level Annotations

Branches:
Dungeon (4/15)
 Temple: D:4-7         Lair: D:-1         Crypt: Vaults:-1     Tomb: Vaults:-1

Altars:
Nemelex Xobeh
Okawaru
Qazlal


Innate Abilities, Weirdness & Mutations

You restore health by killing enemies.
You are immune to poison.
You have sharp fingernails.
Your flesh is cold resistant. (rC+)
You are immune to negative energy. (rN+++)
You do not regenerate when monsters are visible.
You are immune to unholy pain and torment.
You can survive without breathing.


Message History

You are too injured to fight recklessly!
You are too injured to fight recklessly!
You are too injured to fight recklessly!
You claw the iguana (7)!
The iguana is heavily wounded.
The iguana bites you (6).
You barely miss the iguana.
The iguana is heavily wounded.
You block the iguana's attack.
Your shield and scale mail prevent you from hitting the iguana.
The iguana is heavily wounded.
The iguana barely misses you.
You claw the iguana (7)!
The iguana is almost dead.
The iguana bites you (10)!
* * * LOW HITPOINT WARNING * * *
You closely miss the iguana.
The iguana is almost dead.
The iguana bites you (6).
You die...

#########
#.l.....#
#@#####.#
##########.#
#.#
#..........#
#..[l....
#.####.....#
#.....###
#.# #.###.#
#.##.## #(#
#.#
#........
... #.# #.#
########.
### #.# #.#
. #.# #.# .#


You could see an iguana.

Vanquished Creatures
  A howler monkey (D:3)
  2 orc wizards (D:3)
  2 adders
  A dart slug (D:1)
  2 leopard geckos
  7 orcs (D:3)
  A ball python (D:3)
  4 giant cockroaches
  6 goblins
  6 hobgoblins
  13 jackals
  4 kobolds
  3 quokkas
  7 bats
  6 frilled lizards
  9 rats
74 creatures vanquished.

Notes
Turn   | Place    | Note
-------+----------+-------------------------------------------
     0 | D:1      | severenz the Ghoul Fighter began the quest for the Orb.
     0 | D:1      | Reached XP level 1. HP: 19/19 MP: 0/0
   214 | D:1      | Reached XP level 2. HP: 13/26 MP: 1/1
   420 | D:1      | Reached skill level 3 in Unarmed Combat
   656 | D:1      | Reached XP level 3. HP: 31/31 MP: 2/2
  1008 | D:1      | Reached skill level 4 in Unarmed Combat
  1158 | D:2      | Found a faded altar of an unknown god.
  1214 | D:2      | Found an iron altar of Okawaru.
  1672 | D:3      | Reached skill level 5 in Unarmed Combat
  1672 | D:3      | Reached XP level 4. HP: 33/38 MP: 3/3
  2115 | D:3      | Reached XP level 5. HP: 45/45 MP: 4/4
  2204 | D:3      | Reached skill level 6 in Unarmed Combat
  2312 | D:3      | Found a stormy altar of Qazlal.
  2318 | D:3      | Became a worshipper of Qazlal Stormbringer
  2623 | D:3      | Found a sparkling altar of Nemelex Xobeh.
  2878 | D:4      | Slain by an iguana

Vault maps used:
D:1:      lemuel_arrival_muddy, minmay_pentomino_r4
D:2:      kennysheep_okawaru_gauntlet, ecumenical_altar_2
D:3:      nemelex_xobeh_ov_fountains_minmay, grunt_qazlal_clouds,
          kennysheep_generic_room_4
D:4:      first_bread

Skill      XL: |  1  2  3  4  5 |
---------------+----------------+-----
Unarmed Combat | 3 5 6 |  6.4
Fighting       | |  3.2
Armour         | |  2.6
Shields        | |  2.6

Action                   |  1- 3 |  4- 6 || total
-------------------------+-------+-------++-------
Melee: Short sword       |   117 |    24 ||   141
       Unarmed           |     9 |   112 ||   121
Armor: Scale mail        |    79 |    46 ||   125
Dodge: Dodged            |    48 |    35 ||    83
Block: Shield            |    69 |    58 ||   127
